 Dungeon Crawl Stone Soup version 0.27.1-33-g824d729ab1 (webtiles) character file.

Game seed: 1968050902508264717

17988 Holzbalken the Spear-Bearer (level 12, 0/78 HPs)
             Began as a Demonspawn Gladiator on Dec 3, 2021.
             Was a Believer of Qazlal.
             Slain by a yak (9 damage)
             ... on level 1 of the Lair of Beasts.
             The game lasted 00:50:33 (13652 turns).

Holzbalken the Spear-Bearer (Demonspawn Gladiator) Turns: 13652, Time: 00:50:34

Health: 0/78       AC: 36    Str: 22    XL:     12   Next: 23%
Magic:  0/21       EV:  8    Int: 16    God:    Qazlal [**....]
Gold:   1534       SH:  3    Dex: 20    Spells: 11/11 levels left

rFire    . . .     SeeInvis .   a - +1 trident (flame)
rCold    . . .     Faith    .   (no shield)
rNeg     . . .     Spirit   +   H - +6 plate armour of Soft Rains {Fly rElec Will- rCorr}
rPois    .         Reflect  .   (helmet restricted)
rElec    +         Harm     .   (no cloak)
rCorr    +         Rampage  .   B - +2 pair of gloves of a sewer {+Inv Str+4}
Will     .....                  K - +2 pair of boots "Uzuiguwn" {Int+2 Dex+4}
Stlth    ..........             s - amulet of Morality {Spirit Int+4}
HPRegen  0.23/turn              v - +4 ring of protection
MPRegen  0.17/turn              t - +4 ring of protection

@: flying
A: horns 1, yellow scales 2, ignite blood 2, powered by pain 1
a: Renounce Religion, Evoke Invisibility, Upheaval


You were on level 1 of the Lair of Beasts.
You worshipped Qazlal.
Qazlal was pleased with you.
You visited 4 branches of the dungeon, and saw 14 of its levels.
You also visited: Gauntlet.

You collected 1534 gold pieces.

Inventory:

Hand Weapons
 a - a +1 trident of flaming (weapon)
 b - the +7 dagger of Conscience {freeze, rF- Str+8 Int+7}
   (You found it on level 9 of the Dungeon)

   It freezes those it strikes, dealing additional cold damage.
   It can also slow down cold-blooded creatures.
   Str:       It affects your strength (+8).
   Int:       It affects your intelligence (+7).
   rF:        It makes you vulnerable to fire.
 y - a +0 halberd
 I - a +3 vorpal spear
Missiles
 d - 4 throwing nets
Armour
 i - a +1 ring mail
 B - the +2 pair of gloves of a sewer (worn) {+Inv Str+4}
   (You acquired it on level 8 of the Dungeon)

   Str:       It affects your strength (+4).
   +Inv:      It lets you turn invisible.
 H - the +6 plate armour of Soft Rains (worn) {Fly rElec Will- rCorr}
   (You found it on level 9 of the Dungeon)

   rElec:     It insulates you from electricity.
   Fly:       It grants you flight.
   rCorr:     It protects you from acid and corrosion.
   Will:      It decreases your willpower.
 K - the +2 pair of boots "Uzuiguwn" (worn) {Int+2 Dex+4}
   (You found it in a Gauntlet)

   Int:       It affects your intelligence (+2).
   Dex:       It affects your dexterity (+4).
Jewellery
 g - a +6 ring of dexterity
 s - the amulet of Morality (around neck) {Spirit Int+4}
   (You found it in a Gauntlet)

   [amulet of guardian spirit]

   It causes incoming damage to be divided between your reserves of health and
   magic.
   Int:       It affects your intelligence (+4).
 t - a +4 ring of protection (right hand)
 v - a +4 ring of protection (left hand)
 w - a ring of ice
 L - the ring of the Nine Souls {rN+ Int-5 Dex+7 SInv}
   (You found it in a Gauntlet)

   [ring of see invisible]

   Int:       It affects your intelligence (-5).
   Dex:       It affects your dexterity (+7).
   rN:        It protects you from negative energy.
   SInv:      It lets you see invisible.
Wands
 h - a wand of mindburst (17)
 l - a wand of flame (40) (quivered)
 q - a wand of iceblast (7)
Scrolls
 c - a scroll of fog {unknown}
 f - 2 scrolls of fear {unknown}
 m - 3 scrolls of teleportation
 z - a scroll of vulnerability {unknown}
 D - 2 scrolls of enchant armour
 F - a scroll of brand weapon
Potions
 e - a potion of curing
 j - 2 potions of mutation
 n - 3 potions of haste
 o - 4 potions of lignification
 p - a potion of resistance
 r - 2 potions of ambrosia
 u - a potion of attraction {unknown}
 x - 2 potions of berserk rage
 A - 3 potions of brilliance
 C - a potion of flight {unknown}
 E - a potion of heal wounds {unknown}
 G - 2 potions of might {unknown}
 J - a potion of invisibility {unknown}


   Skills:
 - Level 2.0 Fighting
 + Level 14.7 Polearms
 - Level 1.7 Throwing
 + Level 6.4 Armour
 - Level 2.6 Dodging
 - Level 12.0 Invocations


You had 11 spell levels left.
You didn't know any spells.
Your spell library contained the following spells:

 Spells                   Type           Power      Damage    Failure   Level
 Magic Dart               Conj           0%         1d3       99%         1
 Searing Ray              Conj           0%         3d3       100%        2
 Call Canine Familiar     Summ           0%         N/A       100%        3
 Portal Projectile        Hex/Tloc       0%         N/A       100%        3
 Fulminant Prism          Conj/Hex       0%         3d6       100%        4
 Leda's Liquefaction      Hex/Erth       0%         N/A       100%        4
 Petrify                  Tmut/Erth      0%         N/A       100%        4
 Metabolic Englaciation   Hex/Ice        0%         N/A       100%        5
 Statue Form              Tmut/Erth      0%         N/A       100%        6


Dungeon Overview and Level Annotations

Branches:
Dungeon (11/15)            Temple (1/1) D:4            Lair (1/6) D:10
    Orc (1/2) D:9         Gauntlet (visited)

Altars:
Ashenzari
Cheibriados
Dithmenos
Elyvilon
Fedhas
Gozag
Hepliaklqana
Kikubaaqudgha
Makhleb
Nemelex Xobeh
Okawaru
Qazlal
Ru
Sif Muna
Trog
Uskayaw
Vehumet
Wu Jian
Xom
Yredelemnul
Zin
The Shining One

Shops:
D:7 *

Annotations:
D:2 1 runed translucent door, Crazy Yiuf


Innate Abilities, Weirdness & Mutations

You have a pair of small horns on your head.
You are mostly covered in yellow scales. (AC +3)
Your demonic aura often causes spilled blood to erupt in flames.
You sometimes gain a little power by taking damage.


Message History

A minotaur is nearby!
You reach to attack!
You hit the minotaur but do no damage.
The minotaur throws a silver javelin.
The silver javelin pierces through you but does no damage.
The silver sears you!
You reach to attack!
You hit the minotaur but do no damage. You hit the minotaur but do no damage.
You closely miss the minotaur.
The minotaur hits you with a staff of cold!
The minotaur freezes you!
The minotaur gores you but does no damage.
Your plate armour of Soft Rains prevents you from hitting the minotaur.
You headbutt the minotaur, but do no damage.
The minotaur hits you with a staff of cold!!
The minotaur freezes you.
The minotaur gores you but does no damage.
The minotaur throws a silver javelin.
The silver javelin pierces through you! The silver sears you!
There is an open door, spattered with blood here.
The minotaur throws a silver javelin.
The silver javelin pierces through you! The silver sears you!
* * * LOW HITPOINT WARNING * * *
There is a gate leading back out of this place here.
Items here: / ???? [ | }.
Okay, then.
Welcome back to the Lair of Beasts!
The yak completely misses you.
The seven-headed hydra bites you but does no damage.
The seven-headed hydra closely misses you.
The seven-headed hydra bites you.
* * * LOW HITPOINT WARNING * * *
The seven-headed hydra bites you but does no damage. x4
The yak gores you but does no damage. The five-headed hydra bites you!
* * * LOW HITPOINT WARNING * * *
The five-headed hydra bites you.
* * * LOW HITPOINT WARNING * * *
The five-headed hydra bites you but does no damage.
The five-headed hydra barely misses you.
The five-headed hydra bites you but does no damage.
The yak closely misses you. The yak gores you!
You die...

*** ♣♣*♣♣♣♣♣♣..#,,,,,,,, **
******.##*♣.##..........*,,,,,
,***,,**,...##.........#..#.,,,,,
,,,,,,,,,....................,,,,
,,,,,,,,,........#............,,,
,,,,,,,,,....................##,,
,,,,,,*,,............>..........,
,,,,,,,,,......Y.Y...............
,,,,,,,,,......D@D.....$.........
,,,,,,,,,.....##YY...............
,,,,,,,**....**#.................
,,,,,,,,,..,,*#?...##............
,,,,,,,,,,,,,.....##....#........
************......####.#.........
*......#* ####......## *.....#.*
##P.....##. **,...,,**
#........#.


You could see a seven-headed hydra, a five-headed hydra and 4 yaks.

Vanquished Creatures
  A ghost crab (Gauntlet)
  5 two-headed ogres
  A wizard (Gauntlet)
  A cyclops (D:9)
  An orc sorcerer (Orc:1)
  An ugly thing (D:9)
  An apocalypse crab (Gauntlet)
  A black mamba (Lair:1)
  A cane toad (Lair:1)
  A gargoyle (D:10)
  A rime drake (D:10)
  A komodo dragon (Lair:1)
  5 trolls
  Prince Ribbit (Lair:1)
  4 blink frogs (Lair:1)
  Sigmund (D:6)
  A shadow (D:9)
  3 wraiths
  12 yaks
  6 wyverns
  A vampire mosquito (D:10)
  A steam dragon (D:8)
  An acid dragon (D:10)
  2 floating eyes (D:10)
  3 water moccasins
  5 orc warriors
  A black bear (D:5)
  An ice beast (D:3)
  4 sky beasts
  3 ogres
  A phantom (D:5)
  3 centaurs (D:10)
  2 kobold brigands
  5 bullfrogs
  6 scorpions
  8 wights
  5 killer bees (D:9)
  2 electric eels (D:8)
  A howler monkey (D:6)
  A crimson imp (D:6)
  4 centaur zombies
  2 gnoll shamans
  3 orc priests
  2 bullfrog skeletons
  Jessica (D:2)
  A scorpion zombie (D:5)
  Terence (D:2)
  3 iguanas
  7 orc wizards
  3 killer bee zombies
  A hound skeleton (D:4)
  2 howler monkey zombies
  7 adders
  4 gnolls
  3 shadow imps
  3 white imps
  An ufetubus (D:5)
  5 worms (D:2)
  The ghost of ghwc the Sneak, a weakling TrDe (D:5)
  A dart slug (D:2)
  23 orcs
  8 bats
  4 endoplasms
  2 giant cockroaches
  11 goblins
  4 hobgoblins
  16 kobolds
  2 quokkas
  6 ball pythons
  A frilled lizard (D:2)
  8 rats
  A spectral hobgoblin (D:2)
246 creatures vanquished.

Vanquished Creatures (others)
  13 fungi
  19 plants
32 creatures vanquished.

Grand Total: 278 creatures vanquished

Notes
Turn   | Place    | Note
-------+----------+-------------------------------------------
     0 | D:1      | Holzbalken the Demonspawn Gladiator began the quest for the
                  | Orb.
     0 | D:1      | Reached XP level 1. HP: 16/16 MP: 1/1
   245 | D:1      | Reached skill level 3 in Polearms
   277 | D:1      | Gained mutation: You are partially covered in yellow
                  | scales. (AC +2) [demonic ancestry]
   277 | D:1      | Reached XP level 2. HP: 22/22 MP: 2/2
   689 | D:1      | Gained mutation: You have a pair of small horns on your
                  | head. [demonic ancestry]
   689 | D:1      | Reached XP level 3. HP: 26/27 MP: 3/3
   782 | D:2      | Reached skill level 4 in Polearms
   968 | D:2      | Found a faded altar of an unknown god.
   981 | D:2      | Found a snail-covered altar of Cheibriados.
  1096 | D:2      | Gained mutation: Your demonic aura sometimes causes spilled
                  | blood to erupt in flames. [demonic ancestry]
  1096 | D:2      | Reached XP level 4. HP: 31/33 MP: 4/4
  1150 | D:2      | Noticed Terence
  1165 | D:2      | Killed Terence
  1270 | D:2      | Noticed Jessica
  1275 | D:2      | Killed Jessica
  1276 | D:2      | Reached skill level 5 in Polearms
  1492 | D:2      | Found a runed translucent door.
  1493 | D:2      | Noticed Crazy Yiuf
  1659 | D:2      | Gained mutation: Your demonic aura often causes spilled
                  | blood to erupt in flames. [demonic ancestry]
  1659 | D:2      | Reached XP level 5. HP: 38/38 MP: 5/5
  2149 | D:3      | Noticed an ice beast
  2179 | D:3      | Killed an ice beast
  2180 | D:3      | Reached skill level 6 in Polearms
  2180 | D:3      | Reached XP level 6. HP: 25/44 MP: 6/6
  2793 | D:4      | Noticed an orc warrior
  2839 | D:4      | Killed an orc warrior
  2976 | D:4      | Reached skill level 7 in Polearms
  3001 | D:4      | Found a staircase to the Ecumenical Temple.
  3008 | Temple   | Entered the Ecumenical Temple
  3958 | D:5      | Entered Level 5 of the Dungeon
  4158 | D:5      | Reached XP level 7. HP: 47/50 MP: 7/7
  4398 | D:5      | Identified a scroll of acquirement
  4398 | D:5      | Acquired 846 gold pieces
  4496 | D:5      | Reached skill level 8 in Polearms
  4921 | D:5      | Found a runed translucent door.
  4923 | D:5      | Noticed ghwc's ghost (weakling TrDe)
  4934 | D:5      | Killed ghwc's ghost
  5437 | D:6      | Reached skill level 9 in Polearms
  5437 | D:6      | Reached XP level 8. HP: 55/56 MP: 8/8
  5533 | D:6      | Found a shimmering altar of Xom.
  5609 | D:6      | Found a large runed translucent door.
  5610 | D:6      | Found a large runed translucent door.
  5695 | D:6      | Reached skill level 10 in Polearms
  6125 | D:6      | Noticed Sigmund
  6136 | D:6      | Killed Sigmund
  6137 | D:6      | Reached skill level 11 in Polearms
  6137 | D:6      | Reached XP level 9. HP: 61/61 MP: 9/9
  6565 | D:6      | Found an ancient bone altar of Kikubaaqudgha.
  6878 | D:7      | Found Kenk's Gadget Gallery.
  7044 | D:7      | Found a bloodstained altar of Trog.
  7045 | D:7      | Found a hazy altar of Hepliaklqana.
  7046 | D:7      | Found a sparkling altar of Nemelex Xobeh.
  7046 | D:7      | Found a stormy altar of Qazlal.
  7049 | D:7      | Became a worshipper of Qazlal Stormbringer
  7521 | D:8      | Reached skill level 12 in Polearms
  7579 | D:8      | Acquired the +2 pair of gloves of a sewer {+Inv Str+4}
  7607 | D:8      | Reached skill level 1 in Invocations
  7925 | D:8      | Reached skill level 5 in Invocations
  7933 | D:8      | Reached XP level 10. HP: 53/67 MP: 12/14
  8870 | D:9      | Found a sacrificial altar of Ru.
  8984 | D:9      | Noticed a two-headed ogre
  8995 | D:9      | Killed a two-headed ogre
  8996 | D:9      | Reached skill level 13 in Polearms
  9304 | D:9      | Found a shimmering blue altar of Sif Muna.
  9363 | D:9      | Noticed a two-headed ogre
  9363 | D:9      | Noticed a cyclops
  9364 | D:9      | Noticed a red ugly thing
  9490 | D:9      | Killed a red ugly thing
  9490 | D:9      | Reached * piety under Qazlal
  9711 | D:9      | Killed a two-headed ogre
  9721 | D:9      | Identified the +6 plate armour of Soft Rains {Fly rElec
                  | Will- rCorr}
 10000 | D:9      | Found a staircase to the Orcish Mines.
 10030 | D:9      | Identified the +7 dagger of Conscience {freeze, rF- Str+8
                  | Int+7}
 10147 | D:9      | Reached skill level 10 in Invocations
 10151 | D:9      | Killed a cyclops
 10152 | D:9      | Reached skill level 1 in Armour
 10152 | D:9      | Gained mutation: You are mostly covered in yellow scales.
                  | (AC +3) [demonic ancestry]
 10152 | D:9      | Reached XP level 11. HP: 71/72 MP: 18/18
 10297 | D:10     | Entered Level 10 of the Dungeon
 10352 | Orc:1    | Entered Level 1 of the Orcish Mines
 10352 | Orc:1    | Noticed an orc sorcerer
 10356 | Orc:1    | Killed an orc sorcerer
 10921 | D:10     | Paralysed by a floating eye for 3 turns
 10927 | D:10     | Noticed a two-headed ogre
 10941 | D:10     | Killed a two-headed ogre
 10941 | D:10     | Reached ** piety under Qazlal
 11009 | D:10     | Reached skill level 14 in Polearms
 11242 | D:10     | Noticed a two-headed ogre
 11248 | D:10     | Killed a two-headed ogre
 11525 | D:10     | Noticed a two-headed ogre
 11555 | D:10     | Killed a two-headed ogre
 11786 | D:10     | Found a staircase to the Lair.
 12073 | Lair:1   | Entered Level 1 of the Lair of Beasts
 12075 | Lair:1   | Noticed Prince Ribbit
 12082 | Lair:1   | Reached skill level 5 in Armour
 12106 | Lair:1   | Gained mutation: You sometimes gain a little power by
                  | taking damage. [demonic ancestry]
 12106 | Lair:1   | Reached XP level 12. HP: 45/78 MP: 21/21
 12118 | Lair:1   | Killed Prince Ribbit
 12453 | Lair:1   | Noticed a five-headed hydra
 12456 | Lair:1   | Found a gate leading to a gauntlet.
 12459 | Lair:1   | Noticed a seven-headed hydra
 12471 | Gauntlet | Entered a Gauntlet
 12471 | Gauntlet | Found a transporter.
 12471 | Gauntlet | Found a transporter.
 12483 | Gauntlet | Noticed a catoblepas
 12760 | Gauntlet | Found a transporter.
 12770 | Gauntlet | Found a transporter.
 12780 | Gauntlet | Found a transporter.
 12780 | Gauntlet | Found a transporter.
 12781 | Gauntlet | Noticed a blizzard demon
 12804 | Gauntlet | Found a transporter.
 12811 | Gauntlet | Found a transporter.
 12823 | Gauntlet | Found a transporter.
 12832 | Gauntlet | Found a transporter.
 12841 | Gauntlet | Found a transporter.
 12863 | Gauntlet | Found a transporter.
 12908 | Gauntlet | Found a transporter.
 12922 | Gauntlet | Found a transporter.
 13022 | Gauntlet | Found a transporter.
 13036 | Gauntlet | Found a transporter.
 13052 | Gauntlet | Noticed a ghost crab
 13205 | Gauntlet | Killed a ghost crab
 13210 | Gauntlet | Identified the amulet of Morality {Spirit Int+4}
 13212 | Gauntlet | Identified the +2 pair of boots "Uzuiguwn" {Int+2 Dex+4}
 13592 | Gauntlet | Identified the ring of the Nine Souls {rN+ Int-5 Dex+7
                  | SInv}
 13630 | Gauntlet | Noticed a minotaur
 13652 | Lair:1   | Slain by a yak

Illustrated notes

Levels and vault maps discovered:
D:1:      lightli_molten_gateway, layout_basic
D:2:      layout_basic, basic_altar, dreamdust_ecumenical_altar_drowned_temple,
          minmay_stone_trees_small, uniq_jessica, uniq_crazy_yiuf_cottage,
          uniq_terence
D:3:      layout_loops_ring
D:4:      layout_basic, minmay_temple_entry_crystal_x
D:5:      black_bear_nest_1, layout_basic, ebering_ghost_sewer_d
D:6:      layout_loops_ring, xom_teletrap_fun, jmf_multi_god_temple2,
          minmay_fire_ice_demons, uniq_sigmund
D:7:      layout_gridville, mainiacjoe_overflow_alcove_3, nicolae_shop_gadgets
D:8:      layout_loops_ring, serial_bayou_pond_a, chequers_serial_rivers_room_b,
          kennysheep_pointless_box
D:9:      layout_irregular_city, mainiacjoe_overflow_alcove_1,
          nicolae_ru_sacrificial_ziggurat, orc_0_dummy, nicolae_wwwww,
          abandoned_shop, minmay_radiant
D:10:     layout_irregular_city, grunt_lair_entry_orc_guard_hut,
          onia_ninara_cookie
D:11:     layout_stronghold, gammafunk_ghost_spectres,
          minmay_misc_feat_four_crosses, dk_vineyard_3, uniq_grum, uniq_maurice
Temple:   nicolae_temple_figure_eight
Lair:1:   layout_hall_layers, gauntlet_entry_generic, hangedman_tree_tricks,
          uniq_gastronok, uniq_prince_ribbit2
Orc:1:    layout_diamond_mine, serial_shops, shop_fountains, basic_altar

Skill      XL: |  1  2  3  4  5  6  7  8  9 10 11 12 |
---------------+-------------------------------------+-----
Polearms       | 3 4 5 6 7 9 11 12 13 14 | 14.7
Invocations    | 5 10 12 | 12.0
Armour         | 1 5 6 |  6.4
Fighting       | |  2.0
Throwing       | |  1.7
Dodging        | |  2.6

Action                   |  1- 3 |  4- 6 |  7- 9 | 10-12 || total
-------------------------+-------+-------+-------+-------++-------
Melee: Trident           |   104 |   145 |   292 |   457 ||   998
       Headbutt          |     8 |    26 |    49 |   110 ||   193
  Use: Scroll            |       |     7 |     6 |     6 ||    19
       Potion            |       |       |     1 |     3 ||     4
 Stab: Sleeping          |     3 |     1 |       |       ||     4
       Distracted        |     1 |       |       |       ||     1
Armor: Leather armour    |    16 |       |       |       ||    16
       Ring mail         |     8 |    22 |    87 |    41 ||   158
       Plate armour      |       |       |       |   235 ||   235
Dodge: Dodged            |    46 |    37 |    77 |   138 ||   298
Block: Other             |       |       |       |    22 ||    22
